AoeStats
← parry enjoyer

Black Forest

506352230Analyzed
2v2 RM · 19d ago on Sep 13, 2026· 91m 24s· 4 players
Game mode
Random Map
Map size
Medium (4 player)
Population
200
Speed
Normal
Resources
Standard
Victory
Conquest
Starting age
Dark Age
Ending age
Imperial Age
RankedLock teamsTeams togetherTeam positionsShared explorationLock speedFull tech treeHidden civsTurbo modeCheats
Victory
Defeat
🇹🇷 Mongols · Türkiye
805
+16
🇹🇷 Persians · Türkiye
781
+18
🇮🇩 Bengalis · Indonesia
817
-17
🇨🇭 Persians · Switzerland
812
-17
APO
3:54 Loom
12:19 Feudal Age
15:46 Horse Collar
16:59 Double-Bit Axe
19:35 Fishing Lines
22:50 Castle Age
21:17 Gold Mining
21:25 Stone Mining
24:54 Bow Saw
25:00 Heavy Plow
25:20 Gillnets
28:19 Wheelbarrow
27:30 Town Watch
28:02 Scale Barding Armor
28:08 Forging
29:25 Caravan
31:05 Gold Shaft Mining
31:06 Stone Shaft Mining
34:03 Imperial Age
32:29 Hand Cart
33:30 Town Patrol
34:26 Coinage
34:38 Ballistics
34:21 Murder Holes
35:28 Chemistry
34:55 Chain Barding Armor
35:11 Iron Casting
34:26 Fletching
34:37 Padded Archer Armor
34:37 Scale Mail Armor
35:58 Two-Man Saw
35:32 Guilds
35:55 Banking
36:27 Conscription
36:12 Kamandaran
36:25 Citadels
36:50 Elite War Elephant
40:40 Masonry
41:37 Squires
40:57 Pikeman
41:23 Arson
41:59 Thumb Ring
41:14 Crossbowman
42:33 Halberdier
47:23 Plate Barding Armor
46:43 Bodkin Arrow
47:04 Leather Archer Armor
47:50 Blast Furnace
47:06 Chain Mail Armor
53:27 Plate Mail Armor
53:28 Ring Archer Armor
53:23 Heavy Scorpion
53:32 Heavy Scorpion
60:56 Elite Skirmisher
62:57 Onager
73:15 Bloodlines
73:05 Husbandry
Çağlar Toretto
4:18 Loom
14:25 Feudal Age
15:15 Horse Collar
15:22 Double-Bit Axe
15:30 Gold Mining
21:11 Castle Age
19:16 Stone Mining
20:34 Fishing Lines
21:58 Gillnets
23:09 Heavy Plow
23:21 Bow Saw
23:52 Gold Shaft Mining
23:54 Stone Shaft Mining
24:09 Wheelbarrow
26:11 Caravan
28:55 Hand Cart
28:26 Town Watch
29:15 Coinage
29:19 Fletching
29:29 Padded Archer Armor
29:35 Scale Barding Armor
29:40 Forging
29:30 Scale Mail Armor
30:16 Town Patrol
33:26 Husbandry
33:37 Bloodlines
33:33 Thumb Ring
33:31 Squires
32:51 Pikeman
32:55 Elite Skirmisher
34:28 Ballistics
34:19 Careening
34:19 Fortified Wall
34:07 Murder Holes
36:45 Imperial Age
34:18 Light Cavalry
34:19 Crossbowman
34:20 Man-at-Arms
34:49 Arson
35:42 Iron Casting
35:22 Chain Mail Armor
35:02 Bodkin Arrow
36:25 Bodkin Arrow
36:45 Leather Archer Armor
36:50 Chain Barding Armor
36:43 Masonry
36:43 Long Swordsman
36:47 Capped Ram
36:49 Cavalier
36:50 Heavy Camel Rider
38:16 Banking
38:37 Bracer
39:37 Blast Furnace
39:07 Plate Mail Armor
38:43 Heavy Scorpion
40:38 Plate Mail Armor
41:38 Chemistry
40:30 Guard Tower
42:08 Conscription
41:09 Elite Mangudai
42:12 Drill
41:52 Nomads
45:16 Two-Handed Swordsman
45:17 Arbalester
46:24 Parthian Tactics
45:20 Heavy Cavalry Archer
45:22 Siege Ram
45:24 Heavy Camel Rider
49:17 Onager
50:49 Champion
50:54 Elite Steppe Lancer
53:43 Siege Onager
55:15 Hussar
64:54 Hoardings
63:49 Sappers
79:08 Fervor
78:59 Atonement
78:59 Devotion
78:55 Herbal Medicine
79:20 Heresy
81:45 Faith
81:53 Faith
parry enjoyer
3:52 Loom
13:06 Feudal Age
13:43 Double-Bit Axe
13:46 Horse Collar
16:43 Gold Mining
19:53 Wheelbarrow
22:49 Castle Age
23:54 Stone Mining
24:06 Heavy Plow
24:17 Bow Saw
26:29 Caravan
31:02 Town Watch
31:36 Hand Cart
32:01 Gold Shaft Mining
33:36 Paiks
34:25 Coinage
34:50 Forging
34:47 Scale Barding Armor
34:33 Fletching
34:43 Padded Archer Armor
38:00 Imperial Age
35:55 Ballistics
35:17 Treadmill Crane
37:28 Iron Casting
37:14 Chain Barding Armor
36:49 Bodkin Arrow
37:29 Bloodlines
37:20 Husbandry
38:09 Leather Archer Armor
39:47 Blast Furnace
39:58 Chemistry
38:56 Murder Holes
40:29 Two-Man Saw
40:00 Crop Rotation
41:09 Plate Barding Armor
40:34 Bracer
41:49 Ring Archer Armor
40:56 Elite Elephant Archer
42:27 Conscription
43:50 Elite Battle Elephant
46:13 Guilds
51:06 Masonry
53:11 Siege Engineers
76:21 Town Patrol
80:48 Elite Skirmisher
PEPEroncini
1:13 Loom
13:36 Feudal Age
14:18 Double-Bit Axe
16:08 Wheelbarrow
22:22 Castle Age
20:45 Horse Collar
20:58 Stone Mining
21:52 Town Watch
22:16 Gold Mining
24:19 Hand Cart
24:30 Bow Saw
24:27 Heavy Plow
32:16 Imperial Age
30:36 Gold Shaft Mining
32:07 Forging
32:56 Thumb Ring
32:46 Crossbowman
34:13 Kamandaran
34:17 Caravan
36:19 Iron Casting
35:45 Padded Archer Armor
37:09 Crop Rotation
37:52 Two-Man Saw
39:29 Blast Furnace
38:03 Capped Ram
40:40 Guilds
41:43 Siege Ram
42:12 Elite War Elephant
44:35 Devotion
48:04 Fletching
48:32 Leather Archer Armor
48:24 Scale Barding Armor
47:52 Onager
52:25 Ballistics
52:17 Masonry
53:40 Chain Barding Armor
53:16 Bodkin Arrow
53:52 Ring Archer Armor
53:54 Faith
68:02 Chemistry
67:33 Architecture
67:19 Citadels
80:27 Plate Barding Armor
Connection lost

Rejoining the realm…

Still unreachable

The connection could not be restored.

Session expired

The server has moved on; the page needs a fresh start.